 Dungeon Crawl Stone Soup version 0.31.0-12-g77e489cdc1 (webtiles) character file.

Game seed: 6416602553684544539

17 Silvore the Covered (level 2, -15/24 HPs)
             Began as a Demonspawn Fighter on Feb 14, 2024.
             Engulfed by a cloud of flame (18 damage)
             ... on level 1 of the Dungeon.
             The game lasted 00:01:06 (745 turns).

Silvore the Covered (Demonspawn Fighter)             Turns: 745, Time: 00:01:06

Health: -15/24     AC:  6    Str: 16    XL:     2   Next: 44%
Magic:  2/2        EV:  8    Int:  8    God:
Gold:   82         SH:  4    Dex: 12    Spells: 1/1 levels left

rFire   . . .        a - +0 long sword
rCold   . . .        c - +0 buckler
rNeg    . . .        b - +0 scale mail
rPois   .            (no helmet)
rElec   .            (no cloak)
rCorr   .            (no gloves)
SInv    .            (no boots)
Will    .....        (no amulet) Stlth
                     (no ring)
HPRegen 0.24/turn    (no ring)
MPRegen 0.16/turn

%: no passive effects
@: no status effects
A: magic regeneration
a: no special abilities


You were on level 1 of the Dungeon.
You visited 1 branch of the dungeon, and saw 1 of its levels.

You collected 82 gold pieces.

Inventory:

Hand Weapons
 a - a +0 long sword (weapon)
Armour
 b - a +0 scale mail (worn)
 c - a +0 buckler (worn)
 k - an orb of mayhem
Scrolls
 g - 2 scrolls of summoning {unknown}
 i - a scroll of revelation {unknown}
 j - a scroll of amnesia {unknown}
Potions
 d - a potion of might
 e - 2 potions of degeneration {unknown}
 f - a potion of lignification {unknown}
 h - a potion of heal wounds {unknown}


   Skills:
 + Level 3.1 Fighting
 + Level 1.7 Long Blades
 + Level 3.2 Armour
 + Level 2.8 Shields


You had one spell level left.
You didn't know any spells.
Your spell library was empty.

Dungeon Overview and Level Annotations

Branches:
Dungeon (1/15)

Altars:
Fedhas


Innate Abilities, Weirdness & Mutations

You regenerate magic rapidly.


Message History

The quokka is lightly wounded.
The quokka completely misses you.
You hit the quokka but do no damage.
The quokka is lightly wounded.
The quokka closely misses you.
The quokka bites you but does no damage.
You hit the quokka.
You kill the quokka!
You see here a quokka corpse.
Found 5 poisoned darts.
You see here 5 poisoned darts.
Found a stone staircase leading down.
You now have 26 gold pieces (gained 13).
Partly explored, can't reach some items and places.
Partly explored, can't reach some items and places.
Partly explored, can't reach some items and places.
Blink to where?
Press: ? - help, Dir - move target
As you read the scroll labelled ALYPLA XIONUDD, it crumbles to dust.
It was a scroll of blinking.
You now have 32 gold pieces (gained 6).
You now have 42 gold pieces (gained 10).
You now have 45 gold pieces (gained 3).
You now have 63 gold pieces (gained 18).
You now have 75 gold pieces (gained 12).
f - a sedimented brown potion You now have 82 gold pieces (gained 7).
Okay, then.
Press: ? - help, v - describe, . - travel The floor.
There is a cloud of flame here.
Okay, then.
You are engulfed in blazing flames.
Ouch! That really hurt!
* * * LOW HITPOINT WARNING * * *
You see here an orb of mayhem.
k - an orb of mayhem You are engulfed in blazing flames.
Ouch! That really hurt!
You die...

#########.## ##..#..# #(.(..
..........# #.....#######.###
######.##.## ##.##..........# # #
#.###.## ##....########### # #
#.# #..# #...#.# # # #.# #.##
##...## # ######.# #.# #°§☼# #
....##.# #.# #☼§○# # .##.##.# #.#
#@§○# ########## .##.##.#
#.#####...#####.......).
.##.##.###..○○☼(....§○○..########
.......)..).§§§.....§§°..#
.#..#####.#.§○§.....§☼☼.## .#..#
#.######...###### .#..# #.# #§°○#
.#..# #.# #§§☼# ....## #.# #§§°#


There were no monsters in sight!

Vanquished Creatures
  5 ball pythons (D:1)
  An endoplasm (D:1)
  2 goblins (D:1)
  A hobgoblin (D:1)
  A quokka (D:1)
  A frilled lizard (D:1)
  4 kobolds (D:1)
15 creatures vanquished.

Vanquished Creatures (others)
  An endoplasm (D:1)
  A kobold (D:1)
2 creatures vanquished.

Grand Total: 17 creatures vanquished

Notes
Turn   | Place    | Note
-------+----------+-------------------------------------------
     0 | D:1      | Silvore the Demonspawn Fighter began the quest for the Orb.
     0 | D:1      | Reached XP level 1. HP: 18/18 MP: 1/1
   280 | D:1      | Gained mutation: You regenerate magic rapidly. [demonic
                  | ancestry]
   280 | D:1      | Reached XP level 2. HP: 24/24 MP: 2/2
   414 | D:1      | Found a faded altar of an unknown god.
   431 | D:1      | Prayed at the altar of an unknown god.
   431 | D:1      | Became a worshipper of Fedhas Madash
   431 | D:1      | Reached * piety under Fedhas
   432 | D:1      | Fell from the grace of Fedhas
   745 | D:1      | Engulfed by a cloud of flame

Illustrated notes

Levels and vault maps discovered:
D:1:      zelgadis_glass_arrival_small, layout_loops_ring,
          hellmonk_ecumenical_altar_run_dry,
          hangedman_abyss_or_decor_lesser_grid, lemuel_flame_loot_1

Skill      XL: |  1 |
---------------+----+-----
Armour         | 3 |  3.2
Fighting       | |  3.1
Long Blades    | |  1.7
Shields        | |  2.8

Action                     || total
---------------------------++-------
  Melee: Long sword        ||    48
 Invoke: Renounce Religion ||     1
    Use: Scroll            ||     1
 Armour: Scale mail        ||    44
  Dodge: Dodged            ||    23
  Block: Buckler           ||    11
